 Dungeon Crawl Stone Soup version 0.31.0-9-g3a7656b989 (webtiles) character file.

Game seed: 7343095169478301832

334 qw the Skirmisher (level 6, -3/35 HPs)
             Began as a Deep Elf Hunter on Feb 2, 2024.
             Succumbed to Duvessa's poison
             ... on level 5 of the Dungeon.
             The game lasted 00:00:28 (2982 turns).

qw the Skirmisher (Deep Elf Hunter)                 Turns: 2982, Time: 00:00:29

Health: -3/35      AC:  5    Str: 10    XL:     6   Next: 27%
Magic:  8/8        EV: 11    Int: 14    God:
Gold:   78         SH:  0    Dex: 21    Spells: 5/5 levels left

rFire   + . .        c - +5 longbow of Chance {flame, Dex+3}
rCold   . . .        (shield currently unavailable)
rNeg    . . .        g - +0 ring mail
rPois   .            (no helmet)
rElec   .            (no cloak)
rCorr   .            (no gloves)
SInv    .            (no boots)
Will    +....        (no amulet)
Stlth   +            Y - ring of protection from fire
HPRegen 0.25/turn    o - ring of willpower
MPRegen 0.11/turn

%: no passive effects
@: lethally poisoned (-3 -> -22)
A: no striking features
a: no special abilities


You were on level 5 of the Dungeon.
You visited 1 branch of the dungeon, and saw 5 of its levels.

You collected 182 gold pieces.
You spent 104 gold pieces at shops.


   Skills:
 - Level 2.1 Fighting
 + Level 9.5 Ranged Weapons
 - Level 3.0 Dodging
 - Level 1.2 Stealth


You had 5 spell levels left.
You didn't know any spells.
Your spell library was empty.

Inventory:

Hand Weapons
 c - the +5 longbow of Chance (weapon) {flame, Dex+3}
   (You acquired it on level 1 of the Dungeon)

   Dex+3:     It affects your dexterity (+3).
Armour
 g - a +0 ring mail (worn)
Jewellery
 a - a ring of positive energy
 h - a ring of protection from fire
 k - a ring of resist corrosion
 o - a ring of willpower (right hand)
 Y - a ring of protection from fire (left hand)
Wands
 m - a wand of mindburst (7)
 n - a wand of flame (14)
Scrolls
 b - a scroll of enchant weapon
Potions
 d - a potion of cancellation {unknown}
 e - a potion of curing
 f - 3 potions of resistance
 i - a potion of degeneration {unknown}
 j - 3 potions of might

Dungeon Overview and Level Annotations

Branches:
Dungeon (5/15)
 Temple: D:4-7

Altars:
Ashenzari
Dithmenos
Uskayaw
Vehumet

Shops:
D:4 !

Annotations:
D:3 2 runed translucent doors, qw's ghost, amateur DEHu
D:4 1 runed translucent door, Crazy Yiuf
D:5 Dowan


Message History

Level annotation: Dowan; Duvessa Duvessa hits you with a +2 short sword of venom.
There is a stone staircase leading up, spattered with blood here.
2940 ||| STAIRDANCE Duvessa hits you with a +2 short sword of venom!
Dowan points at Duvessa and mumbles some strange words.
Duvessa seems to speed up.
You climb upwards.
Level annotation: 1 runed translucent door, Crazy Yiuf
There is a stone staircase leading down here.
You start resting.
HP restored.
You climb downwards.
Level annotation: Dowan; Duvessa Duvessa closely misses you.
Dowan casts a spell at you. You resist with almost no effort.
There is a stone staircase leading up, spattered with blood here.
You shoot an arrow. The arrow barely misses Duvessa.
Duvessa barely misses you.
Dowan points at you and mumbles some strange words.
The puff of frost hits you.
You shoot an arrow. The arrow hits Duvessa.
The arrow burns Duvessa.
Duvessa is moderately wounded.
Duvessa hits you with a +2 short sword of venom!
Dowan hits you with a +0 dagger.
Duvessa hits you with a +2 short sword of venom!
You are poisoned.
Dowan hits you with a +0 dagger.
You shoot an arrow. The arrow hits Duvessa!
The arrow burns Duvessa!
Duvessa is almost dead.
You feel very sick.
Duvessa hits you with a +2 short sword of venom.
You are more poisoned.
Dowan hits you with a +0 dagger.
You shoot an arrow. The arrow hits Duvessa!
The arrow burns Duvessa.
You kill Duvessa!
Dowan's eyes darken. "You have made a grave mistake."
Dowan seems to find hidden reserves of power!
You die...

#######
#.....#
#.###.# #.#
#.# #.###.#
#...#.#######
###..........
#)@######.#
#.e# #..#
#.<#
#.....e...
#.########
#.# #. #.


You could see Dowan (fast).

Vanquished Creatures
  Duvessa (D:5)
  A hound (D:5)
  A sleepcap (D:5)
  An iguana (D:4)
  2 orc wizards (D:4)
  Natasha (thrice) (D:3)
  3 adders (D:2)
  2 ufetubi (D:4)
  A dart slug (D:3)
  3 ribbon worms
  6 orcs
  5 ball pythons
  6 endoplasms
  5 giant cockroaches
  8 hobgoblins
  10 kobolds
  4 quokkas
  7 bats
  2 frilled lizards (D:3)
  6 goblins
  2 rats
79 creatures vanquished.

Notes
Turn   | Place    | Note
-------+----------+-------------------------------------------
     0 | D:1      | qw the Deep Elf Hunter began the quest for the Orb.
     0 | D:1      | Reached XP level 1. HP: 12/12 MP: 3/3
     0 | D:1      | 0 ||| qw: Version: 0.3-a-155-g5e7d8dd
     0 | D:1      | 0 ||| qw: Game counter: 1943
     0 | D:1      | 0 ||| qw: Melee chars always use a shield: true
     0 | D:1      | 0 ||| qw: God list: Okawaru
     0 | D:1      | 0 ||| qw: Allow faded altars: false
     0 | D:1      | 0 ||| qw: Do Orc after clearing Dungeon:15 true
     0 | D:1      | 0 ||| qw: Do second Lair branch before Depths: true
     0 | D:1      | 0 ||| qw: Lair rune preference: random
     0 | D:1      | 0 ||| qw: Goals: Normal
     0 | D:1      | 0 ||| PLANNING D:1-11
   158 | D:1      | Reached XP level 2. HP: 16/16 MP: 4/4
   227 | D:1      | Reached skill level 6 in Ranged Weapons
   390 | D:1      | 390 ||| UPGRADING to +0 ring mail.
   400 | D:1      | 400 ||| DROPPING +0 leather armour.
   401 | D:1      | 401 ||| UPGRADING to ring of positive energy.
   402 | D:1      | 402 ||| READING scroll labelled COELIESUGG.
   407 | D:1      | 407 ||| READING 2 scrolls labelled JANAIDI UNUTT.
   508 | D:1      | 508 ||| READING scroll labelled MUOMPA VURCH.
   509 | D:1      | 509 ||| READING 2 scrolls labelled ATEMYDD SEGH.
   509 | D:1      | 509 ||| ENCHANTING +0 shortbow.
   510 | D:1      | 510 ||| READING scroll of enchant weapon.
   510 | D:1      | 510 ||| ENCHANTING +1 shortbow.
   511 | D:1      | 511 ||| READING scroll labelled ESOSOE MALAIS.
   511 | D:1      | Identified a scroll of acquirement
   511 | D:1      | 511 ||| ACQUIRING +5 longbow of Chance {flame, Dex+3}
   511 | D:1      | Acquired the +5 longbow of Chance {flame, Dex+3}
   513 | D:1      | 513 ||| SWAPPING to +5 longbow of Chance {flame, Dex+3}.
   514 | D:1      | 514 ||| DROPPING +2 shortbow.
   515 | D:1      | 515 ||| DRINKING 2 red potions.
   516 | D:1      | 516 ||| DROPPING scroll of butterflies.
   517 | D:1      | 517 ||| DROPPING scroll of vulnerability.
   555 | D:2      | Reached XP level 3. HP: 20/20 MP: 5/5
   650 | D:2      | Reached skill level 7 in Ranged Weapons
   910 | D:2      | Reached XP level 4. HP: 25/25 MP: 6/6
  1078 | D:2      | 1078 ||| UPGRADING to ring of resist corrosion.
  1079 | D:2      | 1079 ||| UPGRADING to ring of protection from fire.
  1081 | D:2      | 1081 ||| READING scroll labelled DUANUNO QAUMADD.
  1081 | D:2      | 1081 ||| IDENTIFYING viscous amethyst potion
  1082 | D:2      | 1082 ||| DRINKING 2 fizzy coppery potions.
  1159 | D:3      | Found a broken altar of Ashenzari.
  1223 | D:3      | Found a hide-covered altar of Uskayaw.
  1224 | D:3      | Found a radiant altar of Vehumet.
  1249 | D:3      | Noticed Natasha
  1250 | D:3      | Killed Natasha
  1251 | D:3      | Reached skill level 8 in Ranged Weapons
  1270 | D:3      | Found a runed translucent door.
  1271 | D:3      | Noticed qw's ghost (amateur DEHu)
  1271 | D:3      | Noticed a bullfrog
  1295 | D:3      | Found a runed translucent door.
  1404 | D:3      | Noticed Natasha
  1406 | D:3      | Killed Natasha
  1407 | D:3      | Reached XP level 5. HP: 26/29 MP: 7/7
  1501 | D:3      | Noticed Natasha
  1503 | D:3      | Killed Natasha
  1630 | D:3      | 1630 ||| READING scroll labelled MAOMMI XINIFEOPA.
  1632 | D:3      | 1632 ||| Stepping ~*~*~tactically~*~*~ (cloud).
  1639 | D:3      | HP: 7/29 [poisoned by you (poison gas)]
  1839 | D:4      | Found Ufisuimo's Distillery.
  1848 | D:4      | 1848 ||| BUYING 2 potions of might (104 gold).
  1848 | D:4      | Bought 2 potions of might for 104 gold pieces
  1848 | D:4      | 1848 ||| SHOPLISTING potion of cancellation (104 gold, have
                  | 21).
  1848 | D:4      | 1848 ||| SHOPLISTING potion of curing (39 gold, have 21).
  1848 | D:4      | 1848 ||| SHOPLISTING potion of heal wounds (65 gold, have
                  | 21).
  1848 | D:4      | 1848 ||| SHOPLISTING potion of might (52 gold, have 21).
  1868 | D:4      | Reached skill level 9 in Ranged Weapons
  1882 | D:4      | Identified the +2 war axe "Lehaniet" {speed, rCorr Stlth+}
  1989 | D:4      | 1989 ||| UPGRADING to ring of protection from fire.
  1991 | D:4      | 1991 ||| UPGRADING to ring of willpower.
  1993 | D:4      | 1993 ||| DRINKING 2 coppery potions.
  2034 | D:4      | 2034 ||| DROPPING potion of lignification.
  2046 | D:3      | Found a shadowy altar of Dithmenos.
  2047 | D:3      | 2047 ||| Stepping randomly (stuck).
  2048 | D:3      | 2048 ||| Stepping randomly (stuck).
  2049 | D:3      | 2049 ||| Stepping randomly (stuck).
  2050 | D:3      | 2050 ||| Stepping randomly (stuck).
  2051 | D:3      | 2051 ||| Stepping randomly (stuck).
  2052 | D:3      | 2052 ||| Stepping randomly (stuck).
  2053 | D:3      | 2053 ||| Stepping randomly (stuck).
  2054 | D:3      | 2054 ||| Stepping randomly (stuck).
  2055 | D:3      | 2055 ||| Stepping randomly (stuck).
  2056 | D:3      | 2056 ||| Stepping randomly (stuck).
  2057 | D:3      | 2057 ||| Stepping randomly (stuck).
  2058 | D:3      | 2058 ||| Stepping randomly (stuck).
  2059 | D:3      | 2059 ||| Stepping randomly (stuck).
  2060 | D:3      | 2060 ||| Stepping randomly (stuck).
  2061 | D:3      | 2061 ||| Stepping randomly (stuck).
  2062 | D:3      | 2062 ||| Stepping randomly (stuck).
  2063 | D:3      | 2063 ||| Stepping randomly (stuck).
  2064 | D:3      | 2064 ||| Stepping randomly (stuck).
  2065 | D:3      | 2065 ||| Stepping randomly (stuck).
  2066 | D:3      | 2066 ||| Stepping randomly (stuck).
  2067 | D:3      | 2067 ||| Stepping randomly (stuck).
  2068 | D:3      | 2068 ||| Stepping randomly (stuck).
  2069 | D:3      | 2069 ||| Stepping randomly (stuck).
  2070 | D:3      | 2070 ||| Stepping randomly (stuck).
  2071 | D:3      | 2071 ||| Stepping randomly (stuck).
  2072 | D:3      | 2072 ||| Stepping randomly (stuck).
  2073 | D:3      | 2073 ||| Stepping randomly (stuck).
  2074 | D:3      | 2074 ||| Stepping randomly (stuck).
  2075 | D:3      | 2075 ||| Stepping randomly (stuck).
  2076 | D:3      | 2076 ||| Stepping randomly (stuck).
  2077 | D:3      | 2077 ||| Stepping randomly (stuck).
  2078 | D:3      | 2078 ||| Stepping randomly (stuck).
  2079 | D:3      | 2079 ||| Stepping randomly (stuck).
  2080 | D:3      | 2080 ||| Stepping randomly (stuck).
  2081 | D:3      | 2081 ||| Stepping randomly (stuck).
  2082 | D:3      | 2082 ||| Stepping randomly (stuck).
  2083 | D:3      | 2083 ||| Stepping randomly (stuck).
  2084 | D:3      | 2084 ||| Stepping randomly (stuck).
  2085 | D:3      | 2085 ||| Stepping randomly (stuck).
  2086 | D:3      | 2086 ||| Stepping randomly (stuck).
  2087 | D:3      | 2087 ||| Stepping randomly (stuck).
  2088 | D:3      | 2088 ||| Stepping randomly (stuck).
  2089 | D:3      | 2089 ||| Stepping randomly (stuck).
  2090 | D:3      | 2090 ||| Stepping randomly (stuck).
  2091 | D:3      | 2091 ||| Stepping randomly (stuck).
  2092 | D:3      | 2092 ||| Stepping randomly (stuck).
  2093 | D:3      | 2093 ||| Stepping randomly (stuck).
  2094 | D:3      | 2094 ||| Stepping randomly (stuck).
  2095 | D:3      | 2095 ||| Stepping randomly (stuck).
  2096 | D:3      | 2096 ||| Stepping randomly (stuck).
  2097 | D:3      | 2097 ||| Stepping randomly (stuck).
  2098 | D:3      | 2098 ||| READING scroll of teleportation.
  2221 | D:4      | Reached skill level 3 in Dodging
  2330 | D:4      | Reached XP level 6. HP: 29/35 MP: 8/8
  2390 | D:4      | Found a runed translucent door.
  2391 | D:4      | Noticed Crazy Yiuf
  2576 | D:5      | Entered Level 5 of the Dungeon
  2597 | D:5      | Noticed Duvessa
  2600 | D:5      | Noticed Dowan
  2602 | D:5      | 2602 ||| STAIRDANCE
  2607 | D:4      | HP: 7/35 [poisoned by Duvessa]
  2611 | D:4      | HP: 3/35 [poisoned by Duvessa]
  2783 | D:5      | 2783 ||| STAIRDANCE
  2842 | D:5      | 2842 ||| STAIRDANCE
  2869 | D:5      | 2869 ||| STAIRDANCE
  2940 | D:5      | 2940 ||| STAIRDANCE
  2981 | D:5      | HP: 6/35 [poisoned by Duvessa]
  2981 | D:5      | HP: 2/35 [Dowan/+0 dagger (1)]
  2982 | D:5      | Killed Duvessa
  2982 | D:5      | Succumbed to Duvessa's poison

Levels and vault maps discovered:
D:1:      mrwooster_arrival_statue_2, layout_rooms, grunt_decor_mini_mirrors
D:2:      layout_loops_ring, kennysheep_crisscross, grunt_ministairs_11
D:3:      layout_basic, evilmike_ruin_ashenzari, nicolae_overflow_hidden_temple,
          gammafunk_temple_overflow_statue, ebering_ghost_sewer_f, uniq_natasha
D:4:      layout_rooms, serial_shops, nicolae_shop_tiny_glass,
          minmay_misc_feat_alley, uniq_crazy_yiuf_cottage
D:5:      layout_loops_ring, guppyfry_early_lair_pool, uniq_duvessa,
          uniq_blork_the_orc

Skill      XL: |  1  2  3  4  5 |
---------------+----------------+-----
Ranged Weapons | 6 7 8 9 |  9.5
Fighting       | 2 |  2.1
Dodging        | 3 |  3.0
Stealth        | |  1.2

Action                     |  1- 3 |  4- 6 || total
---------------------------+-------+-------++-------
   Fire: Shortbow          |    26 |       ||    26
         Longbow           |    27 |    88 ||   115
    Use: Scroll            |     6 |     3 ||     9
         Potion            |     1 |     2 ||     3
 Armour: Leather armour    |     1 |       ||     1
         Ring mail         |     1 |    49 ||    50
  Dodge: Dodged            |     6 |    14 ||    20

Table legend:
 A = Non-vault XP
 B = Vault XP
 C = Vault XP percentage of total XP
 D = Non-vault monster count
 E = Vault monster count
 F = Vault count percentage of total count
                 A         B        C        D         E       F
            +---------+---------+-------+---------+---------+-------
      Total |     439 |     181 |  29.2 |      75 |       4 |   5.1
            +---------+---------+-------+---------+---------+-------
        D:1 |      22 |       0 |   0.0 |      14 |       0 |   0.0
        D:2 |      79 |       4 |   4.8 |      25 |       2 |   7.4
        D:3 |     102 |      35 |  25.5 |      18 |       1 |   5.3
        D:4 |     151 |       0 |   0.0 |      16 |       0 |   0.0
        D:5 |      85 |     142 |  62.6 |       2 |       1 |  33.3
            +---------+---------+-------+---------+---------+-------
